 Dungeon Crawl Stone Soup version 0.30-a0-377-g5cb311bc9f (webtiles) character file.

Game seed: 7247959505813982541

56 PyroL the Grave Robber (level 3, 0/24 HPs)
             Began as a Demonspawn Necromancer on Nov 29, 2022.
             Succumbed to Crazy Yiuf's poison
             ... on level 2 of the Dungeon.
             The game lasted 00:03:35 (2343 turns).

PyroL the Grave Robber (Demonspawn Necromancer)     Turns: 2343, Time: 00:03:36

Health: 0/24       AC:  3    Str:  8    XL:     3   Next: 69%
Magic:  6/7        EV: 12    Int: 18    God:
Gold:   98         SH:  0    Dex: 13    Spells: 4/8 levels left

rFire   . . .      SeeInvis +    k - +0 short sword
rCold   . . .      Faith    .    (no shield)
rNeg    . . .      Spirit   .    a - +0 robe
rPois   .          Reflect  .    i - +0 hat
rElec   .          Harm     .    f - +0 cloak
rCorr   .          Rampage  .    (no gloves)
Will    .....                    (no boots)
Stlth   +.........               (no amulet)
HPRegen 0.24/turn                p - ring of see invisible
MPRegen 0.20/turn                (no ring)

@: confused, lethally poisoned (0 -> -32), ambrosia-drunk
A: hooves 1, magic regeneration
a: no special abilities


You were on level 2 of the Dungeon.
You visited 1 branch of the dungeon, and saw 2 of its levels.

You collected 98 gold pieces.

Inventory:

Hand Weapons
 k - a +0 short sword (weapon)
Armour
 a - a +0 robe (worn)
 f - a +0 cloak (worn)
 i - a +0 hat (worn)
Jewellery
 l - an amulet of faith
 p - a ring of see invisible (left hand)
Scrolls
 d - 3 scrolls of fear {unknown}
 e - 6 scrolls of identify {unknown}
 h - a scroll of silence {unknown}
 j - 2 scrolls of poison {unknown}
 m - 2 scrolls of magic mapping {unknown}
 n - 2 scrolls of teleportation {unknown}
 o - a scroll of enchant weapon {unknown}
 q - a scroll of acquirement {unknown}
 r - a scroll of enchant armour {unknown}
 t - a scroll of fog {unknown}
Potions
 b - a potion of magic
 c - a potion of haste {unknown}
 g - a potion of ambrosia
 s - a potion of berserk rage {unknown}


   Skills:
 - Level 1.7 Dodging
 - Level 1.7 Stealth
 + Level 3.0 Spellcasting
 + Level 5.2 Necromancy


You had 4 spell levels left.
You knew the following spells:

 Your Spells              Type           Power      Damage    Failure   Level
a - Necrotise             Necr           84%        1d8       1%          1
b - Vampiric Draining     Necr           21%        2d7       5%          3

Your spell library contained the following spells:

 Spells                   Type           Power      Damage    Failure   Level
 Magic Dart               Conj           8%         1d3       16%         1
 Summon Small Mammal      Summ           8%         N/A       16%         1
 Animate Dead             Necr           21%        N/A       19%         4
 Call Imp                 Summ           2%         N/A       24%         2
 Call Canine Familiar     Summ           2%         N/A       43%         3
 Mephitic Cloud           Conj/Pois/Air  2%         N/A       43%         3
 Summon Guardian Golem    Hex/Summ       2%         N/A       43%         3
 Agony                    Necr           21%        N/A       45%         5


Dungeon Overview and Level Annotations

Branches:
Dungeon (2/15)

Altars:

Annotations:
D:2 Crazy Yiuf


Innate Abilities, Weirdness & Mutations

You have large cloven feet.
You regenerate magic rapidly.


Message History

You can't see any susceptible monsters within range! (Use Z to cast anyway.)
Your goblin skeleton crumbles into dust!
You now have 92 gold pieces (gained 7).
You now have 98 gold pieces (gained 6).
There is an open door here.
You see here a +0 dagger.
You see here 4 stones.
t - a scroll labelled NARUBA ECLID You open the door.
There is an open door here.
There is an open door here.
You open the door.
Crazy Yiuf writhes in agony.
Crazy Yiuf writhes in agony.
Crazy Yiuf barely resists.
Crazy Yiuf twirls on the spot.
Crazy Yiuf hits you with a +3 quarterstaff of chaos!
Ouch! That really hurt!
* * * LOW HITPOINT WARNING * * *
You are lethally poisoned!
Sorry, you're not good enough to have a special ability.
Casting: Necrotise (safe; 1% risk of failure)
Confirm with . or Enter, or press ? or * to list all spells.
The spell is quite dangerous to miscast (5% risk of failure)!
Continue anyway?
Aiming: Vampiric Draining (quite dangerous; 5% risk of failure)
Press: ? - help, Shift-Dir - straight line, f/p - Crazy Yiuf
Aim: Crazy Yiuf, wielding a +3 quarterstaff of chaos and wearing a +0 cloak (moderately wounded)
You draw life force from Crazy Yiuf!
You feel life coursing into your body.
* * * LOW HITPOINT WARNING * * *
You feel very sick.
Crazy Yiuf hits you with a +3 quarterstaff of chaos!
* * * LOW HITPOINT WARNING * * *
You are more poisoned.
Casting: Vampiric Draining (quite dangerous; 5% risk of failure)
Confirm with . or Enter, or press ? or * to list all spells.
You don't have enough magic to cast this spell.
It was a potion of ambrosia.
You are confused.
You feel invigorated.
You die...

##'## #..###..##.#
#######.#
#.......##.##
......#.#
##.....<....#
....#.#.##
##########.##
###.#....# #..#
#........# ##.#
..#.#....# ###
♣♣###.# ###.#.#.##
#)..#♣♣ ♣♣..#..#
###.#.#.#
#...g@♣♣♣♣......#
......#.#
#...#♣..♣......##
....###.# ###
♣♣♣.♣...### #####
#.# ♣♣♣♣♣## #.# #.#
#######.# ..>..##.#
#########
.....##.####.......#


You could see Crazy Yiuf.

Vanquished Creatures
  An adder (D:2)
  3 worms (D:2)
  4 ball pythons
  7 bats
  4 endoplasms
  A giant cockroach (D:2)
  3 goblins (D:2)
  4 hobgoblins
  2 kobolds (D:1)
  A quokka (D:2)
  6 rats (D:2)
36 creatures vanquished.

Notes
Turn   | Place    | Note
-------+----------+-------------------------------------------
     0 | D:1      | PyroL the Demonspawn Necromancer began the quest for the
                  | Orb.
     0 | D:1      | Reached XP level 1. HP: 13/13 MP: 3/3
   548 | D:1      | Gained mutation: You regenerate magic rapidly. [demonic
                  | ancestry]
   548 | D:1      | Reached XP level 2. HP: 19/19 MP: 3/5
   726 | D:1      | You fall into a shaft and drop 1 floor!
  1170 | D:2      | Found a runed translucent door.
  1171 | D:2      | Noticed Crazy Yiuf
  1290 | D:2      | Reached skill level 5 in Necromancy
  1290 | D:2      | Gained mutation: You have large cloven feet. [demonic
                  | ancestry]
  1290 | D:2      | Reached XP level 3. HP: 14/24 MP: 7/7
  2025 | D:2      | Learned a level 3 spell: Vampiric Draining
  2343 | D:2      | Succumbed to Crazy Yiuf's poison

Illustrated notes

Levels and vault maps discovered:
D:1:      matt_arrival_refuge, layout_loops_ring
D:2:      kennysheep_six_static_rooms, layout_loops_corners,
          uniq_crazy_yiuf_cottage

Skill      XL: |  1  2  3 |
---------------+----------+-----
Necromancy     | 5 |  5.2
Spellcasting   | 3 |  3.0
Dodging        | |  1.7
Stealth        | |  1.7

Action                   || total
-------------------------++-------
Melee: Unarmed           ||     3
       Short sword       ||    20
       Kick              ||     7
 Cast: Necrotise         ||    70
       Vampiric Draining ||     1
  Use: Potion            ||     1
 Stab: Sleeping          ||     2
       Distracted        ||     1
Armor: Robe              ||     6
Dodge: Dodged            ||    18

Table legend: (Time is in decaauts)
 A = Elapsed time spent in this place.
 B = Non-inter-level travel time spent in this place.
 C = Inter-level travel time spent in this place.
 D = Time resting spent in this place.
 E = Time spent auto-exploring this place.
 F = Levels seen in this place.
 G = Mean time per level.
                   A        B        C        D        E       F      G
               +--------+--------+--------+--------+--------+-----+--------+
         Total |   2342 |   2328 |     14 |      0 |   2033 |   2 | 1171.0 |
       Dungeon |   2342 |   2328 |     14 |      0 |   2033 |   2 | 1171.0 |
               +--------+--------+--------+--------+--------+-----+--------+

Top non-repeatable levels by time:
     D:2: 1270 daAuts
     D:1: 1072 daAuts
